Cogmind - Beta 15 @@@ ROGUE MODE // 2025.06.27 @ 15:33:00 Player: Cracklepappy Result: Self-destructed Performance ------------- Evolutions (3) 1500 Regions Visited (12) 2400 Robots Destroyed (228) 1140 Value Destroyed (7071) 7071 Prototype IDs (29) 580 Alien Tech Used (0) 0 Bonus (-597) -597 TOTAL SCORE: 12094 Bonus ------- High Alert Combat Kills 334 Follower Combat Kills 1258 Entered Garrisons 200 Registered with UFD 300 Friendly Fire -2689 Cogmind --------- Core Integrity 63/700 Matter 269/300 Energy 74/100 System Corruption 0% Temperature Warning (353) Movement Rolling (115) Ox1 Location -7/Scraptown Parts ------- > --- POWER (1) -------- (None) > --- PROPULSION (4) --- Armored Huge Wheel > --- UTILITY (4) ------ High-capacity Storage Unit > --- WEAPON (4) ------- (None) > --- INVENTORY (20) --- Improved Cooling System High-capacity Matter Pod (200) Heavy Particle Cannon Heavy Particle Cannon Heavy Ion Cannon Enhanced Autogun Enhanced Autogun Heavy Battle Rifle CPS Tube (2) CPS Tube (1) Power Sword Peak State ------------ > --- POWER ------------ Antimatter Reactor > --- PROPULSION ------- Armored Huge Wheel Armored Huge Wheel > --- UTILITY ---------- High-capacity Storage Unit Improved Medium Armor Plating Improved Shield Generator Hacking Suite > --- WEAPON ----------- Enhanced Force Rifle Enhanced Autogun Heavy Mass Driver > --- INVENTORY -------- Reinforced Fission Core Armored Huge Wheel Improved Heat Sink High-capacity Matter Pod Seismic Detector Advanced Recoil Stabilizer Improved Medium Armor Plating Improved Medium Armor Plating Advanced System Restoration Module High-powered Tractor Beam Bomb Drone Bay Improved Arc Projector Heavy Ion Cannon Gauss Rifle Improved Proton Missile Launcher Missile Launcher Power Sword [Rating: 66] Favorites ----------- Power Antimatter Reactor Engine Deuterium Engine Power Core Nuclear Core Reactor Antimatter Reactor Propulsion Light Treads Treads Light Treads Wheel Armored Huge Wheel Hover Unit Cooled Gravmag System Flight Unit Improved Flight Unit Utility High-capacity Storage Unit Device Improved Shield Generator Storage High-capacity Storage Unit Processor Target Analyzer Hackware Hacking Suite Protection Improved Medium Armor Plating Weapon Heavy Assault Rifle Energy Gun Enhanced Force Rifle Energy Cannon Heavy Particle Cannon Ballistic Gun Heavy Assault Rifle Ballistic Cannon Light Cannon Launcher Heavy Rocket Launcher Special Weapon CPS Tube Impact Weapon Hammer Slashing Weapon Power Sword Piercing Weapon Spear Special Melee Weapon Improved Datajack Build | -11 -10 -10 -9 -9 -8 -8 -7 -7 -7 -7 -7 -7 ------- Run | Yrd Mat Min Mat Min Mat Gar Fac Was Fac Sto Rec Scr Slots Evolved 6 | . . . 2 . 2 . 2 . . . . . Power . | . . . . . . . . . . . . . Propulsion 2 | . . . 1 . . . 1 . . . . . Utility 2 | . . . . . 1 . 1 . . . . . Weapon 2 | . . . 1 . 1 . . . . . . . Parts Attached 128 | 8 6 1 37 1 23 10 15 10 1 4 1 11 Power 14 | 1 . 1 6 . 2 1 1 2 . . . . Engine 9 | 1 . . 5 . 2 1 . . . . . . Core 4 | . . 1 1 . . . 1 1 . . . . Reactor 1 | . . . . . . . . 1 . . . . Propulsion 32 | 2 1 . 12 . 6 3 5 1 . . . 2 Treads 22 | 2 1 . 11 . 6 . 2 . . . . . Leg . | . . . . . . . . . . . . . Wheel 8 | . . . . . . 3 3 . . . . 2 Hover 1 | . . . . . . . . 1 . . . . Flight 1 | . . . 1 . . . . . . . . . Utility 27 | 3 2 . 5 . 7 1 3 2 . 1 1 2 Device 9 | 2 . . . . . 1 2 1 . . 1 2 Storage 6 | 1 2 . 1 . 2 . . . . . . . Processor 1 | . . . . . 1 . . . . . . . Hackware 2 | . . . . . 1 . 1 . . . . . Protection 9 | . . . 4 . 3 . . 1 . 1 . . Artifact . | . . . . . . . . . . . . . Weapon 55 | 2 3 . 14 1 8 5 6 5 1 3 . 7 Energy Gun 2 | . . . 1 . . . . 1 . . . . Energy Cannon 3 | . . . 1 . . 1 . . . 1 . . Ballistic Gun 32 | 2 . . 7 1 7 4 5 3 1 . . 2 Ballistic Cannon 6 | . 2 . 3 . . . . 1 . . . . Launcher 5 | . . . . . . . . . . 2 . 3 Special Weapon 2 | . 1 . . . . . . . . . . 1 Impact Weapon 1 | . . . 1 . . . . . . . . . Slashing Weapon 1 | . . . . . . . 1 . . . . . Piercing Weapon 1 | . . . . . 1 . . . . . . . Special Melee Weapon 2 | . . . 1 . . . . . . . . 1 Unidentified Prototypes 10 | . . . 6 . 1 . 1 2 . . . . Corrupted Parts 2 | . . . . . . . . . . . . 2 System Corruption 12 | . . . . . . . . . . . . 12 Parts Lost 16 | . . . . 1 . . . . . . . 15 Power 2 | . . . . . . . . . . . . 2 Propulsion 3 | . . . . . . . . . . . . 3 Utility 4 | . . . . . . . . . . . . 4 Weapon 7 | . . . . 1 . . . . . . . 6 Highest Loss Streak 15 | . . . . 1 . . . . . . . 15 To Critical Strikes 1 | . . . . . . . . . . . . 1 Average Backups 17 | 5 14 19 18 18 18 18 17 17 17 18 18 18 Power . | . 1 1 . . . . . . 1 1 1 . Propulsion 3 | 3 5 6 4 4 3 3 2 1 1 2 2 1 Utility 5 | . 3 5 5 6 7 7 7 8 7 4 4 4 Weapon 8 | . 4 7 7 7 7 7 7 6 7 10 11 10 Tool/Special . | . . . . . . . . . . . . . Unused Backups 34 | . 2 2 8 1 8 . 2 3 2 2 . 4 Power . | . . . . . . . . . . . . . Propulsion 7 | . 1 . 4 . . . 2 . . . . . Utility 11 | . . 2 . 1 3 . . 1 2 . . 2 Weapon 15 | . 1 . 4 . 5 . . 2 . 2 . 1 Tool/Special 1 | . . . . . . . . . . . . 1 Average Slot Usage (%) 92 | . 100 100 99 100 99 100 95 88 84 84 84 80 Engine 4 | . 14 5 5 11 9 9 . . . . . . Core 1 | . . 8 5 . . . 6 3 . . . . Reactor 2 | . . . . . . . . 3 7 7 7 6 Treads 15 | . 28 28 32 33 27 14 6 3 . . . . Wheel 7 | . . . . . . 12 19 15 15 15 15 14 Device 7 | . 14 14 . . . . 7 7 7 7 8 14 Storage 9 | . 14 14 11 11 9 9 7 7 7 7 7 7 Hackware 2 | . . . . . 6 9 7 7 7 7 5 . Protection 6 | . . . 10 11 9 8 5 6 7 7 7 4 Energy Cannon 1 | . . . . . . . . . . 2 7 3 Ballistic Gun 23 | . 9 . 27 33 34 32 29 24 30 27 23 21 Ballistic Cannon 3 | . 17 28 4 . . . . . . . . . Special Weapon 1 | . . . . . . . . . . . . 4 Peak Build Rating 66 | 7 9 12 21 19 32 32 54 66 60 60 59 65 Average Rating 36 | 6 7 11 18 18 27 30 43 57 59 58 58 60 On Entrance 32 | . 7 9 12 19 19 32 31 52 60 59 58 59 Naked Turns . | . . . . . . . . . . . . . Heaviest Build 94 | 12 50 52 62 62 69 73 74 94 82 84 86 86 Greatest Support 62 | 40 40 40 60 60 62 62 52 56 56 56 56 56 Greatest Overweight (x) 2 | . 1 1 1 1 1 1 1 2 1 1 1 1 Average Overweight (x) . | . . 1 . 1 1 . 1 1 1 1 1 . Largest Inventory Capacity 20 | 8 20 20 20 20 20 20 20 20 20 20 20 20 Average Capacity 19 | 7 16 20 20 20 20 20 20 20 20 20 20 20 Most Carried 20 | 8 20 20 20 20 20 20 20 20 20 20 20 20 Average Carried 19 | 5 14 19 19 19 19 19 19 19 19 19 20 19 Final Capacity 20 | 8 20 20 20 20 20 20 20 20 20 20 20 20 Final Carried 20 | 8 20 20 20 20 20 20 20 20 20 20 20 11 Class Distribution -------------------- 34% | Commander-Tank 23% | Scavenger-Tank 21% | Tank 16% | Mutant 3% | Scavenger-Gunner Dominant Class ---------------- Mutant | -10/Materials Mutant | -10/Mines Scavenger-Tank | -9/Materials Scavenger-Tank | -9/Mines Tank | -8/Materials Tank | -8/Garrison Scavenger-Tank | -7/Factory Tank | -7/Waste Tank | -7/Factory Tank | -7/Storage Commander-Tank | -7/Recycling Commander-Tank | -7/Scraptown Resources | -11 -10 -10 -9 -9 -8 -8 -7 -7 -7 -7 -7 -7 ----------- Run | Yrd Mat Min Mat Min Mat Gar Fac Was Fac Sto Rec Scr Matter Collected 7061 | 352 428 473 1482 124 1122 987 601 287 182 477 90 456 Remotely 390 | 107 . . . . . . . . . . . 283 Salvage Created 9865 | 236 517 175 1708 242 1511 594 1026 1273 58 908 326 1291 Parts 495 | 12 41 20 101 16 79 37 41 19 2 50 15 62 Haulers Intercepted 17 | . 2 . 5 . 6 . 1 . . 3 . . Recyclers Shooed 3 | . . . . . 2 . . . . . 1 . Parts Field Recycled . | . . . . . . . . . . . . . Retrieved Matter . | . . . . . . . . . . . . . Parts Self-Destructed . | . . . . . . . . . . . . . Prevented . | . . . . . . . . . . . . . Kills | -11 -10 -10 -9 -9 -8 -8 -7 -7 -7 -7 -7 -7 ------- Run | Yrd Mat Min Mat Min Mat Gar Fac Was Fac Sto Rec Scr Combat Hostiles Destroyed 155 | . 16 10 33 9 23 11 14 . 1 11 3 24 Guns 111 | . 9 . 24 9 23 11 14 . 1 9 2 9 Cannons 27 | . 7 10 9 . . . . . . . 1 . AOE 17 | . . . . . . . . . . 2 . 15 Classes Destroyed 23 | 2 6 . 4 . . 3 1 . 1 . . 6 Worker 11 | . 1 1 4 . 2 . 2 . . 1 . . Builder 5 | . . . 1 . 1 . 1 . . 2 . . Tunneler 7 | 6 1 . . . . . . . . . . . Hauler 17 | . 2 . 5 . 6 . 1 . . 3 . . Recycler 11 | 1 . . . 1 3 . 3 . . 1 2 . Mechanic 2 | . 1 . 1 . . . . . . . . . Operator 3 | . . . 2 . . . . . . 1 . . Watcher 10 | . 2 . 4 . 4 . . . . . . . Swarmer 43 | . 9 6 6 7 9 . 2 . . 4 . . Grunt 53 | . 7 4 19 2 8 1 7 . . 4 . 1 Brawler 2 | . . . 2 . . . . . . . . . Duelist 1 | . . . . . . . . . 1 . . . Protector 1 | . . . . . . 1 . . . . . . Sentry 24 | . . . 6 . 6 5 2 . . 2 3 . Demolisher 1 | . . . . . . 1 . . . . . . Hunter 4 | . . . . . . . 2 . . 2 . . Programmer 4 | . . . . . . 3 1 . . . . . Bolteater 1 | . . . . . . . . . . . . 1 Federalist 1 | . . . . . . . . . . . . 1 Explorer 3 | . . . . . . . . . . . . 3 Ranger 3 | . . . . . . . . . . . . 3 Scrapper 7 | . . . . . . . . . . . . 7 Elite 3 | . . . . . . . . . . . . 3 Thug 6 | . . . . . . . . . . 1 . 5 Butcher 1 | . . . . . . . . . . . . 1 Martyr 4 | . . . . . . . . 4 . . . . Best Kill Streak 24 | 3 4 4 4 4 8 5 4 . 1 7 2 24 Combat Bots Only 24 | . 3 3 3 4 7 5 4 . 1 6 2 24 Max Kills in Single Turn 5 | 1 2 2 2 2 3 1 2 1 1 2 2 5 Gunslinging 2 | . . . 1 1 2 . 1 . . . . 1 Exploded 5 | . . . . . . . . . . 1 . 5 Melee . | . . . . . . . . . . . . . Uniques/NPCs Destroyed 1 | . . . . . . . . . . . . 1 Triborg (-7/Scraptown) Combat | -11 -10 -10 -9 -9 -8 -8 -7 -7 -7 -7 -7 -7 -------- Run | Yrd Mat Min Mat Min Mat Gar Fac Was Fac Sto Rec Scr Hostile Shots Fired 771 | . 41 35 121 21 82 43 143 . 22 57 36 170 Missed 228 | . 15 10 42 10 12 10 48 . 10 18 11 42 Hits 543 | . 26 25 79 11 70 33 95 . 12 39 25 128 Projectile 543 | . 26 25 79 11 70 33 95 . 12 39 25 128 AOE 3 | . . . . . . 3 . . . . . . Critical Strikes 18 | . . . 1 . 3 2 1 . 1 . . 10 Damage Taken 7055 | . 253 294 968 103 1016 591 867 . 142 314 127 2380 Core 998 | . 59 57 77 . 125 43 51 . 34 8 15 529 Absorbed by Shields 514 | . . . . . . . 203 . 53 124 59 75 Regen/Repaired (Parts) 702 | . . . 139 . 227 . 50 218 . 48 20 . Core Remaining (%) 75 | 100 . 53 . 80 . 69 . . . . . . Volleys Fired 423 | 19 49 19 103 12 62 41 32 9 14 32 9 22 Largest 4 | 2 2 2 3 3 4 4 4 1 4 4 4 4 Hottest 166 | 40 100 60 90 69 92 92 107 25 124 166 166 117 Shots Fired 1318 | 38 97 40 309 36 248 130 128 9 56 119 36 72 Gun 1134 | 38 56 . 245 36 248 121 128 9 56 110 27 60 Cannon 167 | . 39 40 64 . . 9 . . . 6 9 . Launcher 14 | . . . . . . . . . . 3 . 11 Special 3 | . 2 . . . . . . . . . . 1 Kinetic 1277 | 38 95 40 309 36 248 121 128 9 56 110 27 60 Thermal 26 | . 2 . . . . 9 . . . 6 9 . Explosive 10 | . . . . . . . . . . . . 10 Electromagnetic 4 | . . . . . . . . . . 3 . 1 Robot Hit Streak 24 | 7 13 6 12 10 20 24 11 5 6 8 9 16 Robot Miss Streak 8 | 8 4 2 5 3 4 5 7 . 8 7 3 4 Penetration Max . | . . . . . . . . . . . . . Secondary Targets 31 | . 2 . 2 4 9 4 4 . . 3 . 3 Max Gunslinging Chain 2 | . 1 . 1 2 2 1 1 . . 1 . 2 Shots Hit Robots 785 | 22 55 25 164 22 158 72 84 39 27 45 21 51 Core Hits 393 | 10 30 13 71 12 65 27 56 11 6 32 8 52 Critical Kills 7 | . . . 1 . 5 . . . . . 1 . Critical Parts Destroyed 7 | . . . . . 4 1 1 . 1 . . . Critical Strikes 20 | . 5 1 1 . 9 1 1 . 1 . 1 . Destroy 14 | . . . 1 . 9 1 1 . 1 . 1 . Blast 6 | . 5 1 . . . . . . . . . . Melee Attacks 62 | . . . 2 . 4 6 3 34 . . . 13 Impact 2 | . . . 2 . . . . . . . . . Slashing 37 | . . . . . . . 3 34 . . . . Piercing 10 | . . . . . 4 6 . . . . . . Sneak Attacks 27 | . . . . . . . 3 11 . . . 13 Combat Hostiles . | . . . . . . . . . . . . . Follow-up Attacks . | . . . . . . . . . . . . . Damage Inflicted 17223 | 220 780 484 2647 353 2488 1169 1542 2179 816 1799 488 2258 Guns 11290 | 220 428 . 2015 337 2486 1169 1282 165 816 1317 363 692 Cannons 1592 | . 336 465 566 . . . . . . 100 125 . Explosions 1977 | . . . 29 . . . . . . 382 . 1566 Melee 2274 | . . . . . . . 260 2014 . . . . Ramming 90 | . 16 19 37 16 2 . . . . . . . Kinetic 12657 | 220 764 465 2581 337 2486 1169 1282 165 816 1317 363 692 Thermal 254 | . . . 29 . . . . . . 100 125 . Explosive 1454 | . . . . . . . . . . . . 1454 Electromagnetic 494 | . . . . . . . . . . 382 . 112 Impact . | . . . . . . . . . . . . . Slashing 2274 | . . . . . . . 260 2014 . . . . Piercing . | . . . . . . . . . . . . . Highest Corruption 12 | . 5 5 . . . 4 . . . . . 12 Average Corruption 4 | . 4 5 . . . 3 . . . . . 10 Corruption Purged . | . . . . . . . . . . . . . Corruption Blocked . | . . . . . . . . . . . . . Effects 88 | . 35 31 . . . 21 . . . . . 1 Message Errors 20 | . 5 7 . . . 8 . . . . . . Matter Fused 22 | . 13 6 . . . 3 . . . . . . Heat Flow Errors 18 | . 9 6 . . . 2 . . . . . 1 Energy Discharges 11 | . 3 4 . . . 4 . . . . . . Parts Rejected 1 | . . 1 . . . . . . . . . . Data Loss (minor) 4 | . 1 2 . . . 1 . . . . . . Data Loss (major) 6 | . 2 3 . . . 1 . . . . . . Misfires 5 | . 1 2 . . . 2 . . . . . . Alerts 1 | . 1 . . . . . . . . . . . Overload Shots . | . . . . . . . . . . . . . Overflow Damage 488 | . . . . . . . 150 245 . 13 . 80 Projectiles . | . . . . . . . . . . . . . Explosions 93 | . . . . . . . . . . 13 . 80 Melee 395 | . . . . . . . 150 245 . . . . Knockbacks 10 | . 2 6 . 2 . . . . . . . . Impact 2 | . . . . 2 . . . . . . . . Kinetic 8 | . 2 6 . . . . . . . . . . Secondary . | . . . . . . . . . . . . . Self-Inflicted Damage 91 | . . . . . . . . . . . . 91 Shots 3 | . . . . . . . . . . . . 3 Rammed 19 | . 5 3 6 2 3 . . . . . . . Targets Rammed 20 | . 5 3 7 2 3 . . . . . . . Kicked . | . . . . . . . . . . . . . Crushed 1 | . . . 1 . . . . . . . . . Highest Temperature 496 | . 277 277 206 90 326 364 246 10 216 415 496 491 Average Temperature 87 | . 96 82 45 33 77 108 65 6 93 156 205 141 Received Heat Transfer 2485 | . 81 117 456 24 486 36 292 . 83 82 36 792 Effects 8 | . . 1 . . . . 1 . . 3 2 1 Shutdowns 2 | . . . . . . . . . . . 2 . Energy Bleed 3 | . . . . . . . 1 . . 2 . . Interference 1 | . . 1 . . . . . . . . . . Short Circuit 1 | . . . . . . . . . . . . 1 Damage (minor) 1 | . . . . . . . . . . 1 . . Siege Activations . | . . . . . . . . . . . . . Martial Activations . | . . . . . . . . . . . . . Shielding Activations . | . . . . . . . . . . . . . Robots Disrupted . | . . . . . . . . . . . . . Combat Hostiles . | . . . . . . . . . . . . . Robots Corrupted . | . . . . . . . . . . . . . Combat Hostiles . | . . . . . . . . . . . . . Parts Fried 1 | . . . . . . . . . . 1 . . Impact Corruptions . | . . . . . . . . . . . . . Robots Melted . | . . . . . . . . . . . . . Combat Hostiles . | . . . . . . . . . . . . . Parts Melted 5 | . . . . . . . . . . 1 . 4 Heat Transferred 383 | . . . 50 . . . . . . 148 185 . Parts Sabotaged . | . . . . . . . . . . . . . Parts Stolen . | . . . . . . . . . . . . . Parts Stripped . | . . . . . . . . . . . . . Power Chain Reactions 1 | . . . . . . . . . . 1 . . Alert | -11 -10 -10 -9 -9 -8 -8 -7 -7 -7 -7 -7 -7 ------- Run | Yrd Mat Min Mat Min Mat Gar Fac Was Fac Sto Rec Scr Maximum Alert Level 4 | . 1 . 1 1 1 3 2 . 2 4 2 . Low Security (%) 74 | 100 95 100 87 88 76 48 . 100 58 18 . . Level 1 13 | . 4 . 12 11 23 10 52 . 34 6 . . Level 2 11 | . . . . . . 39 47 . 6 21 100 . Level 3 . | . . . . . . . . . . 24 . . Level 4 . | . . . . . . . . . . 28 . . Level 5 . | . . . . . . . . . . . . . High Security . | . . . . . . . . . . . . . Max Security . | . . . . . . . . . . . . . Peak Influence 1149 | 5 223 96 396 243 335 714 509 175 410 1149 594 . Initial 428 | . . 82 2 153 . 27 374 175 . 165 428 . Average 148 | . 37 33 121 61 94 328 408 31 162 739 503 . Influence Increases 6450 | 35 560 245 1234 219 785 747 477 . 562 1174 412 . Destroy 0b10 Robot/C 3220 | . 320 200 760 180 500 240 300 . 240 400 80 . Destroy 0b10 Robot/NC 370 | 35 35 5 90 5 85 10 35 . . 60 10 . Destroy Leader 700 | . 58 40 188 30 142 . 102 . 40 100 . . Allied During Kill 941 | . . . 21 4 10 15 6 . 280 515 90 . Successful Hack 183 | . 38 . 38 . 41 24 18 . . 24 . . Select Force Hacks 330 | . 60 . 60 . . . . . . . 210 . Disable Machine 150 | . 30 . 45 . . 15 . . . 45 15 . Anti-Garrison Action 400 | . . . . . . 400 . . . . . . Destroy Structure 96 | . 4 . 17 . 7 43 1 . 2 15 7 . Partial Spotted 15 | . . . . . . . 15 . . . . . Lose Combat Pursuer 45 | . 15 . 15 . . . . . . 15 . . Influence Decreases 6450 | 35 349 448 849 612 742 76 690 501 198 439 1057 454 Entered New Map 2381 | . . 129 6 240 . 16 340 326 . 199 671 454 Time Decay 3395 | 35 349 319 673 362 428 . 350 175 138 180 386 . Lost Part 10 | . . . . 10 . . . . . . . . Lost Ally 220 | . . . 20 . 20 60 . . 60 60 . . Purge Threat 444 | . . . 150 . 294 . . . . . . . Squads Dispatched 20 | . 3 . 3 . . . 8 . 2 4 . . Investigation 10 | . 3 . 3 . . . 4 . . . . . Extermination 2 | . . . . . . . 1 . 1 . . . Reinforcement 5 | . . . . . . . . . 1 4 . . Assault . | . . . . . . . . . . . . . Garrison 3 | . . . . . . . 3 . . . . . Intercept . | . . . . . . . . . . . . . Searches Triggered . | . . . . . . . . . . . . . Construction Impeded 1 | . . . . . . . . . . 1 . . Haulers Reinforced 3 | . . . . . . . . . 1 2 . . Active Scanning Responses . | . . . . . . . . . . . . . Cargo Convoy Interrupts . | . . . . . . . . . . . . . Stealth | -11 -10 -10 -9 -9 -8 -8 -7 -7 -7 -7 -7 -7 --------- Run | Yrd Mat Min Mat Min Mat Gar Fac Was Fac Sto Rec Scr Distress Signals 11 | . 1 1 3 . 4 . . . . 2 . . Communications Jammed . | . . . . . . . . . . . . . Distress Signals . | . . . . . . . . . . . . . Times Spotted 236 | . 27 10 47 7 37 12 17 . 11 22 4 42 Peak Tracking Total 45 | . 3 3 4 3 6 5 4 . 4 4 2 45 Tactical Retreats 4 | . 1 . 1 . . . . . . 1 . 1 Traps | -11 -10 -10 -9 -9 -8 -8 -7 -7 -7 -7 -7 -7 ------- Run | Yrd Mat Min Mat Min Mat Gar Fac Was Fac Sto Rec Scr Traps Triggered 8 | . 3 . . . . 3 1 . . 1 . . Indirectly . | . . . . . . . . . . . . . Trap Hack Attempts 2 | . . . 2 . . . . . . . . . Triggered . | . . . . . . . . . . . . . Disarmed . | . . . . . . . . . . . . . Reprogrammed 1 | . . . 1 . . . . . . . . . Reused . | . . . . . . . . . . . . . Traps Extracted . | . . . . . . . . . . . . . Installed . | . . . . . . . . . . . . . Triggered . | . . . . . . . . . . . . . Machines | -11 -10 -10 -9 -9 -8 -8 -7 -7 -7 -7 -7 -7 ---------- Run | Yrd Mat Min Mat Min Mat Gar Fac Was Fac Sto Rec Scr Machines Disabled 18 | . 2 . 3 . . 7 . . . 3 1 2 Max in Single Turn 2 | . 1 . 2 . . 2 . . . 1 1 2 Garrison Relay 4 | . . . . . . 4 . . . . . . Phase Generator 1 | . . . . . . 1 . . . . . . Machines Repaired . | . . . . . . . . . . . . . Machines Dismantled . | . . . . . . . . . . . . . Machines Sabotaged . | . . . . . . . . . . . . . Overloaded Fab Kills . | . . . . . . . . . . . . . Hacking | -11 -10 -10 -9 -9 -8 -8 -7 -7 -7 -7 -7 -7 --------- Run | Yrd Mat Min Mat Min Mat Gar Fac Was Fac Sto Rec Scr Machines Accessed 80 | . 9 1 17 . 16 4 8 . 3 3 13 6 Terminals 46 | . 7 . 12 . 11 4 1 . 2 3 6 . Fabricators 4 | . . . . . . . 3 . 1 . . . Repair Stations 5 | . . . 2 . 2 . 1 . . . . . Recycling Units 11 | . 2 . 2 . . . . . . . 7 . Scanalyzers 5 | . . . 1 . 2 . 2 . . . . . Garrison Access 2 | . . . . . 1 . 1 . . . . . Total Hacks 227 | . 27 1 56 . 45 11 27 . 9 7 19 25 Successful 136 | . 13 1 36 . 26 4 19 . 1 3 8 25 Failed 91 | . 14 . 20 . 19 7 8 . 8 4 11 . Catastrophic 12 | . 4 . 2 . 1 . . . 2 . 3 . Database Lockouts . | . . . . . . . . . . . . . Manual 95 | . 22 . 23 . 18 2 6 . 8 4 12 . Terminals 132 | . 25 . 35 . 32 11 2 . 8 7 12 . Fabricators 12 | . . . . . . . 11 . 1 . . . Repair Stations 15 | . . . 8 . 6 . 1 . . . . . Recycling Units 11 | . 2 . 2 . . . . . . . 7 . Scanalyzers 28 | . . . 11 . 6 . 11 . . . . . Garrison Access 3 | . . . . . 1 . 2 . . . . . Terminal Hacks 50 | . 3 1 7 . 8 3 . . . 2 1 25 Record 19 | . . . . . . . . . . . . 19 Part Schematic 1 | . . . 1 . . . . . . . . . Robot Schematic 2 | . 1 . . . . . . . . . 1 . Robot Analysis 5 | . . . . . . . . . . . . 5 Prototype ID Bank 1 | . . . . . 1 . . . . . . . Open Door 3 | . . 1 . . . 1 . . . 1 . . Branch Access Points 1 | . . . 1 . . . . . . . . . Emergency Access Points 2 | . . . . . 1 1 . . . . . . Terminal Index 2 | . . . 1 . 1 . . . . . . . Alert Level 1 | . . . . . 1 . . . . . . . Unreport Threat 4 | . . . 1 . 3 . . . . . . . Locate Traps 5 | . 1 . 2 . 1 . . . . 1 . . Hauler Manifests 1 | . . . 1 . . . . . . . . . Registered Components 1 | . 1 . . . . . . . . . . . Garrison Registry 1 | . . . . . . 1 . . . . . . Proto ID Catalog 1 | . . . . . . . . . . . . 1 Fabricator Hacks 5 | . . . . . . . 5 . . . . . Network Status 1 | . . . . . . . 1 . . . . . Load Schematic 3 | . . . . . . . 3 . . . . . Build 1 | . . . . . . . 1 . . . . . Repair Station Hacks 9 | . . . 5 . 4 . . . . . . . Scan Component 5 | . . . 3 . 2 . . . . . . . Repair 4 | . . . 2 . 2 . . . . . . . Recycling Unit Hacks . | . . . . . . . . . . . . . Scanalyzer 24 | . . . 11 . 4 . 9 . . . . . Insert Component 12 | . . . 6 . 2 . 4 . . . . . Analyze 12 | . . . 5 . 2 . 5 . . . . . Garrison Access Hacks 2 | . . . . . 1 . 1 . . . . . Unlock Access 2 | . . . . . 1 . 1 . . . . . Unauthorized Hacks 46 | . 10 . 13 . 9 1 4 . 1 1 7 . Terminals 30 | . 8 . 10 . 9 1 . . 1 1 . . Operators 2 | . 1 . . . 1 . . . . . . . Skim 27 | . 7 . 10 . 8 . . . 1 1 . . Override 1 | . . . . . . 1 . . . . . . Fabricators 2 | . . . . . . . 2 . . . . . Haulers 1 | . . . . . . . 1 . . . . . Recompile 1 | . . . . . . . 1 . . . . . Repair Stations 2 | . . . 1 . . . 1 . . . . . Patch 2 | . . . 1 . . . 1 . . . . . Recycling Units 11 | . 2 . 2 . . . . . . . 7 . Tunnel 11 | . 2 . 2 . . . . . . . 7 . Scanalyzers . | . . . . . . . . . . . . . Garrison Access 1 | . . . . . . . 1 . . . . . Reprogram 1 | . . . . . . . 1 . . . . . Data Cores Recovered 1 | . . . 1 . . . . . . . . . Used . | . . . . . . . . . . . . . Hacking Detections 53 | . 7 . 13 . 13 3 6 . 3 2 6 . Full Trace Events 7 | . 3 . 1 . . 2 1 . . . . . Feedback Events . | . . . . . . . . . . . . . Feedback Blocked . | . . . . . . . . . . . . . Robot Schematics Acquired 2 | . 1 . . . . . . . . . 1 . Robots Built . | . . . . . . . . . . . . . Authchips . | . . . . . . . . . . . . . Time . | . . . . . . . . . . . . . Total Robot Build Rating . | . . . . . . . . . . . . . Part Schematics Acquired 12 | . . . 6 . 2 . 4 . . . . . Parts Built 2 | . . . . . . . 2 . . . . . Authchips 1 | . . . . . . . 1 . . . . . Time 42 | . . . . . . . 42 . . . . . Total Part Build Rating 8 | . . . . . . . 8 . . . . . Parts Repaired 4 | . . . 2 . 2 . . . . . . . Time 159 | . . . 62 . 97 . . . . . . . Parts Recycled . | . . . . . . . . . . . . . Recycled Matter . | . . . . . . . . . . . . . Retrieved Matter . | . . . . . . . . . . . . . Retrieved Components . | . . . . . . . . . . . . . Parts Scanalyzed 11 | . . . 5 . 2 . 4 . . . . . Part Schematics Acquired 11 | . . . 5 . 2 . 4 . . . . . Parts Damaged 2 | . . . 1 . 1 . . . . . . . Bothacking | -11 -10 -10 -9 -9 -8 -8 -7 -7 -7 -7 -7 -7 ------------ Run | Yrd Mat Min Mat Min Mat Gar Fac Was Fac Sto Rec Scr Used RIF Installer . | . . . . . . . . . . . . . Robots Hacked 13 | . . . . . . . . . . . . 13 Non-combat 2 | . . . . . . . . . . . . 2 Combat 11 | . . . . . . . . . . . . 11 Robot Hacks Applied 13 | . . . . . . . . . . . . 13 parse_system 13 | . . . . . . . . . . . . 13 Relay Couplers Released 16 | . . . . . . 16 . . . . . . Machine Destruction 16 | . . . . . . 16 . . . . . . Fabnet Peak Effective % . | . . . . . . . . . . . . . Robots Rewired 3 | . . . . . . 3 . . . . . . Allies Hacked . | . . . . . . . . . . . . . Hacks Repelled . | . . . . . . . . . . . . . Allies | -11 -10 -10 -9 -9 -8 -8 -7 -7 -7 -7 -7 -7 -------- Run | Yrd Mat Min Mat Min Mat Gar Fac Was Fac Sto Rec Scr Total Allies 39 | . . 1 . 2 . 3 3 20 . 10 . . Largest Group 22 | . . 1 1 2 1 3 3 22 19 17 17 17 Highest-Rated Group 613 | . . 31 31 49 31 76 48 613 489 363 357 357 Highest-Rated Ally 35 | . . 31 31 31 31 31 16 35 31 31 31 31 Initial Warlord ECA Mod 36 | . . . . . . . 6 6 6 6 6 6 Total Orders 89 | . . . . . . 4 . . . . . 85 STAY 66 | . . . . . . 2 . . . . . 64 ROAM 5 | . . . . . . . . . . . . 5 FOLLOW 2 | . . . . . . 2 . . . . . . GUARD 1 | . . . . . . . . . . . . 1 RETURN 15 | . . . . . . . . . . . . 15 Ally Attacks 451 | . . . 26 4 22 11 6 . 92 117 20 153 Total Damage 5660 | . . . 339 42 295 169 61 . 1117 1518 325 1794 Kills 52 | . . . 6 . 3 2 1 . 11 15 1 13 Allies Corrupted . | . . . . . . . . . . . . . Allies Melted . | . . . . . . . . . . . . . Intel | -11 -10 -10 -9 -9 -8 -8 -7 -7 -7 -7 -7 -7 ------- Run | Yrd Mat Min Mat Min Mat Gar Fac Was Fac Sto Rec Scr Active Infowar (turns) 3851 | 85 2305 1274 93 . . 94 . . . . . . Seismic 3851 | 85 2305 1274 93 . . 94 . . . . . . Robot Analysis Total 5 | . . . . . . . . . . . . 5 Derelict Logs Recovered 4 | . . 1 . 3 . . . . . . . . Drone Launches 31 | . . . . . . . . . . . . 31 Drone Recoveries 15 | . . . . . . . . . . . . 15 Exploration | -11 -10 -10 -9 -9 -8 -8 -7 -7 -7 -7 -7 -7 ------------- Run | Yrd Mat Min Mat Min Mat Gar Fac Was Fac Sto Rec Scr Turns Passed 24116 | 321 2305 1274 3541 1436 3169 1197 780 1011 428 361 917 7376 Spaces Moved 13445 | 156 1019 501 1329 572 970 662 519 582 305 174 702 5954 Core 3 | 3 . . . . . . . . . . . . Treads 4784 | 153 1019 501 1329 572 970 240 . . . . . . Legs . | . . . . . . . . . . . . . Wheels 8658 | . . . . . . 422 519 582 305 174 702 5954 Hover . | . . . . . . . . . . . . . Flight . | . . . . . . . . . . . . . Fastest Speed 50 | 50 160 240 160 240 235 108 108 110 115 115 115 95 Average Speed 151 | 157 199 240 207 240 239 148 108 119 115 115 115 114 Slowest Speed 240 | 160 240 240 240 240 240 235 110 130 115 115 115 115 Overloaded Moves . | . . . . . . . . . . . . . Propulsion Burnouts . | . . . . . . . . . . . . . Robots Hopped . | . . . . . . . . . . . . . Potential Cave-ins . | . . . . . . . . . . . . . Cave-ins Triggered . | . . . . . . . . . . . . . Exploration Rate (%) 70 | 10 96 97 92 98 90 85 14 94 11 40 98 96 Regions Visited 12 Branch Regions 5 Pre-discovered Areas 16 | . 2 . 5 2 . . . . . . 7 . Known Exits Taken 6 | . . . 1 1 1 . . . 1 1 1 . Unknown Exits Taken 3 | 1 1 1 . . . . . . . . . . Scrap Searched 13 | . . 1 . 3 . . . . . . . 9 Spaces Dug 7 | . 2 . 2 . 3 . . . . . . . Terrain Destroyed 142 | . 2 . 12 . 3 69 . . . 15 4 37 Melee 5 | . . . 2 . 3 . . . . . . . Projectile 22 | . 2 . . . . . . . . 15 4 1 AOE 115 | . . . 10 . . 69 . . . . . 36 Terrain Rammed . | . . . . . . . . . . . . . Walls Destroyed . | . . . . . . . . . . . . . Machines Disabled . | . . . . . . . . . . . . . Actions | -11 -10 -10 -9 -9 -8 -8 -7 -7 -7 -7 -7 -7 --------- Run | Yrd Mat Min Mat Min Mat Gar Fac Was Fac Sto Rec Scr Total 16234 | 194 1186 535 1868 608 1680 800 655 839 354 272 792 6451 Wait 1802 | . 87 1 323 16 563 9 55 171 23 38 80 436 Move 13434 | 155 1018 500 1328 571 970 660 519 581 304 173 701 5954 Hop . | . . . . . . . . . . . . . Pick Up 107 | 10 14 4 17 3 19 8 8 8 6 6 . 4 Fast Attach 26 | 7 . 1 4 . 1 . 4 7 . . 1 1 Attach 23 | . . . 3 1 2 1 6 1 . . . 9 Detach 2 | . . . . . . . 2 . . . . . Swap 142 | 1 8 1 43 1 27 23 11 11 2 8 . 6 Drop 141 | 2 5 6 36 2 29 11 15 16 5 7 1 6 Fire 423 | 19 49 19 103 12 62 41 32 9 14 32 9 22 Melee 62 | . . . 2 . 4 6 3 34 . . . 13 Ram . | . . . . . . . . . . . . . Kick . | . . . . . . . . . . . . . Crush 20 | . 5 3 7 2 3 . . . . . . . Escape Stasis 32 | . . . . . . 24 . . . 8 . . Rewire 18 | . . . . . . 17 . 1 . . . . Trap 2 | . . . 2 . . . . . . . . . Miscellaneous . | . . . . . . . . . . . . . Route ------- -11/Scrapyard -10/Materials (discovered 5 exits: *Mat x3 / *Min x2) -10/Mines (discovered 4 exits: *Mat x2 / [*Exi] / [*Sub]) -9/Materials (discovered 5 exits: *Mat x3 / *Min x2) -9/Mines (discovered 2 exits: *Mat x2) -8/Materials (discovered 4 exits: *Fac x3 / Gar) -8/Garrison (discovered 3 exits: *Fac x3) -7/Factory (discovered 5 exits: *Fac / Sto / Low x2 / Gar) -7/Waste -7/Factory (discovered 3 exits: *Sto / Low x2) -7/Storage (discovered 2 exits: Fac / *Rec) -7/Recycling (discovered 2 exits: *Fac / *Scr) -7/Scraptown (discovered 2 exits: *Fac x2) History --------- Turn | Location | Event 6 | -11/Scrapyard | Discovered new exit (range 15) 322 | -11/Scrapyard | Entered Materials 326 | -10/Materials | Build established: Mutant 833 | -10/Materials | Discovered new exit (range 12) 956 | -10/Materials | Discovered new exit (range 13) 1036 | -10/Materials | Discovered new exit (range 12) 1219 | -10/Materials | Discovered new exit (range 9) 1503 | -10/Materials | Discovered new exit (range 10) 2627 | -10/Materials | Entered Mines 2652 | -10/Mines | Assembled infested the area 2714 | -10/Mines | Discovered new exit (range 6) 2743 | -10/Mines | Discovered new exit (range 10) 2796 | -10/Mines | Found the Drone Emporium 2809 | -10/Mines | Found Prototype Device 2992 | -10/Mines | Received a Rocket Launcher from a helpful Derelict 3240 | -10/Mines | Deemed a non-threat by the Exiles lab entrance 3240 | -10/Mines | Discovered new exit (range 5) 3610 | -10/Mines | Found a hidden stash of uninstalled traps 3772 | -10/Mines | Escorted by a lone wolf Derelict 3883 | -10/Mines | Discovered new exit (range 7) 3901 | -10/Mines | Entered Materials 3901 | -9/Materials | Accompanied by 1 ally 3901 | -9/Materials | Evolved 2 slots: Propulsion x1, Weapon x1 3902 | -9/Materials | Identified exit to Mines 4294 | -9/Materials | Build established: Tank 4472 | -9/Materials | Identified Bomb Drone Bay 4626 | -9/Materials | Build established: Scavenger-Tank 4878 | -9/Materials | Repaired Broken Seismic Detector 4905 | -9/Materials | Repaired Lgt. Treads 4911 | -9/Materials | Discovered new exit (range 10) 5256 | -9/Materials | Loaded intel: 13 trap records 5302 | -9/Materials | Identified exit to Materials 5379 | -9/Materials | Learned Storage trap positions 5385 | -9/Materials | Learned Storage trap positions 5386 | -9/Materials | Learned location of 1 exit from Storage 5390 | -9/Materials | Learned location of 1 exit from Recycling 5404 | -9/Materials | Learned location of 1 exit from Storage 5429 | -9/Materials | Learned 4 Recycling zone layouts 5464 | -9/Materials | Learned location of 1 exit from Storage 6336 | -9/Materials | Learned location of 1 exit from Storage 6395 | -9/Materials | Learned location of 1 exit from Recycling 6442 | -9/Materials | Learned location of 3 exits from Materials 6478 | -9/Materials | Learned location of Zion (-6) 6505 | -9/Materials | Learned Materials trap positions 6548 | -9/Materials | Learned location of 2 exits from Materials 7442 | -9/Materials | Entered Mines 7670 | -9/Mines | Learned location of Storage (-7) 8060 | -9/Mines | A weapon hastily lodged in a ceiling crevice suddenly fell to the ground 8878 | -9/Mines | Entered Materials 8878 | -8/Materials | Accompanied by 1 ally 8878 | -8/Materials | Evolved 2 slots: Utility x1, Weapon x1 8879 | -8/Materials | Identified exit to Factory 8881 | -8/Materials | Loaded intel: 9 trap records 8883 | -8/Materials | Led the pair of lost Derelicts to an unsafe place 9467 | -8/Materials | Build established: Scavenger-Gunner 10018 | -8/Materials | Destroyed 7 combat bots 10226 | -8/Materials | Build established: Scavenger-Tank 10574 | -8/Materials | Build established: Tank 10744 | -8/Materials | Learned Factory emergency access door positions 11154 | -8/Materials | Repaired Imp. Medium Armor Plating 11801 | -8/Materials | Repaired Broken Hpw. Tractor Beam 12047 | -8/Materials | Identified exit to Garrison 12047 | -8/Materials | Entered Garrison 12047 | -8/Garrison | Warlord forces raided the area 12105 | -8/Garrison | Triggered checkpoint 12131 | -8/Garrison | Triggered checkpoint 12131 | -8/Garrison | Triggered checkpoint 12131 | -8/Garrison | Triggered checkpoint 12175 | -8/Garrison | Triggered checkpoint 12346 | -8/Garrison | Garrison Relay disabled 12388 | -8/Garrison | Warlord forces retreated 12630 | -8/Garrison | Phase Generator disabled 12725 | -8/Garrison | Triggered checkpoint 12730 | -8/Garrison | Discovered exit to Factory (range 7) 12730 | -8/Garrison | Discovered exit to Factory (range 50) 12730 | -8/Garrison | Discovered exit to Factory (range 75) 12759 | -8/Garrison | Garrison Relay disabled 12854 | -8/Garrison | Garrison Relay disabled 13006 | -8/Garrison | Garrison Relay disabled 13148 | -8/Garrison | Attempted to access garrison exit controls, blocked by remote lockdown 13244 | -8/Garrison | Entered Factory 13244 | -7/Factory | Evolved 2 slots: Propulsion x1, Utility x1 13245 | -7/Factory | Identified exit to Factory 13245 | -7/Factory | Identified exit to Storage 13245 | -7/Factory | Identified exit to Lower Caves 13352 | -7/Factory | Build established: Scavenger-Tank 13677 | -7/Factory | Fabricated Arm. Huge Wheel (x2) 13708 | -7/Factory | Garrison activated, responded to threat 13964 | -7/Factory | Identified exit to Garrison 13991 | -7/Factory | Build established: Tank 14024 | -7/Factory | Garrison activated, responded to threat 14024 | -7/Factory | Sucked down chute 14024 | -7/Factory | Entered Waste 14025 | -7/Waste | Joined by Warlord forces that had cleared the area 14129 | -7/Waste | 3 allies followed down the chute 14171 | -7/Waste | Murdered 4 allies 14510 | -7/Waste | Discovered new exit (range 16) 15035 | -7/Waste | Entered Factory 15035 | -7/Factory | Accompanied by 19 allies 15396 | -7/Factory | Discovered exit to Storage (range 5) 15463 | -7/Factory | Entered Storage 15463 | -7/Storage | Accompanied by 14 allies 15464 | -7/Storage | Identified exit to Recycling 15466 | -7/Storage | Loaded intel: 21 trap records 15755 | -7/Storage | Lost 6 allies 15772 | -7/Storage | Used back door to open Recycling access 15780 | -7/Storage | Assisted by bots powering up and referring to "LRC-V3" 15824 | -7/Storage | Entered Recycling 15824 | -7/Recycling | Accompanied by 17 allies 15825 | -7/Recycling | Identified exit to Scraptown 15825 | -7/Recycling | Identified exit to Factory 16081 | -7/Recycling | Build established: Commander-Tank 16650 | -7/Recycling | Scanned before Scraplab entrance 16666 | -7/Recycling | Entered Scraplab 16741 | -7/Recycling | Entered Scraptown 16741 | -7/Scraptown | Accompanied by 17 allies 16985 | -7/Scraptown | Discovered exit to Factory (range 7) 17072 | -7/Scraptown | Visited Symbiants 17118 | -7/Scraptown | Visited TADAMA 17138 | -7/Scraptown | Visited Bundlers 17245 | -7/Scraptown | Visited Shadow of the Wyrm 17267 | -7/Scraptown | Visited Red Mages 17319 | -7/Scraptown | Visited Fellowship of the Rings 17569 | -7/Scraptown | Visited Cyclists 17613 | -7/Scraptown | Visited UFD Registry 17614 | -7/Scraptown | Registered with UFD as "Pyrobomber" 17657 | -7/Scraptown | Visited Observation Area 17704 | -7/Scraptown | Visited Junk Repository 17736 | -7/Scraptown | Visited Junk Repository 17767 | -7/Scraptown | Visited Scrap Suit Storage 17789 | -7/Scraptown | Visited Analyses Database 17813 | -7/Scraptown | Visited Infowarlord's Domain 17954 | -7/Scraptown | Visited Science Guys 18000 | -7/Scraptown | Visited Scrapoid Research Area 18026 | -7/Scraptown | Visited Abandonware Association 18039 | -7/Scraptown | Learned abandonware demo "MELTYB.EXE" 18039 | -7/Scraptown | Learned abandonware demo "REBOOT5.EXE" 18690 | -7/Scraptown | Entered Cyclist Reading Room 20088 | -7/Scraptown | System corruption reached 10% 20089 | -7/Scraptown | System corruption cleaned by C-Scrubber 21469 | -7/Scraptown | Discovered exit to Factory (range 3) 24013 | -7/Scraptown | Attacked by Scraptown defenders 24018 | -7/Scraptown | Allies destroyed Triborg 24108 | -7/Scraptown | Core integrity fell below 50% 24114 | -7/Scraptown | Core integrity fell below 20% 24117 | -7/Scraptown | Self-destructed Last Messages --------------- 24103_ Hpw. Tractor Beam destroyed. 24103_ Antimatter Reactor destroyed. 24104_ Hvy. Rocket Launcher destroyed. 24104_ Critical hit (Burn: +50). 24105_ The unstable cave ceiling collapses. 24105_ Arm. Huge Wheel destroyed. 24107_ The unstable cave ceiling collapses. 24107_ Critical hit (Burn: +50). 24109_ Critical hit (Burn: +37). 24109_ NZ-HQ3(j) destroyed. 24109_ 4R-Z1K(j) destroyed. 24110_ UR-4QQ(j) cannibalizes Corrupted Ovr. Titanium Leg to repair Ovr. Titanium Leg. 24111_ 1J-FRG(j) heat short circuits Ovr. Titanium Leg. 24113_ Rnf. Fission Core destroyed. 24113_ Critical hit (Destroy). 24113_ Imp. Proton Missile Launcher destroyed. 24115_ Arm. Wheel broken. 24115_ Overheating: Short circuit. 24116_ Broken Arm. Wheel destroyed. Map ----- +----------------------------------------------------+ | "#"""""" #????# # # ##" #???????????????#" | | """####### ##?## " " ##X #???????????????#" | | ####???? # #?#" "#"""# #???????????????#" | | ######## # #?# ##### ######??????????#" | | #?# #" "#??????????#" | | #?# #" X#??????????#" | | ######## #?# #" "#??????????# | | ??????? #?# # #??????????## | | ####### ######## ########### ####???????### | | """ " #???????#"" | | " " #???????#" | | E #???????#" | | E #???????#" | | " E E #???????#" | | ##############E ! #???#####" | | #???########## % #???#"""" | | " #????"""""""" #???#"""" | | #??####""" "" ! #???#"""" | | #??# !+ ! #???#"""" | | """" # #??#!!#"" E= #???#""""% | | """""" # #??#!!#" #g ###?#"""" | | ######## #??# #" " %= ""#"#"""" | | ???????# #??# !#" " = [""""#"""" | | ???????# #??#! #" " ! = =%""#######" | | ######## #??####" == !!###?????#" | | # #??#""" @ =!% #########" | | # #??#"""" """ %%= = =% | | """ # #???"""""""""" =[= !%* j *! | | """ # #????###### =%*!!!= j = | | """ # #???????## =! ![=%* %* | | """ # ######### == !%%!![! ! | | "" # [%! %!EE = %=%! !=%** | | = =! =/ ![%**! !!*!!! | | # %!%=% % [!%* = [%! | | ## ## [ [ = ! | | ## %= | | =! #""""#" | | %%= #????#" | | # [! #????#"" | | ##### ############# # # %####????### | | ?# #???## *#?????????# | | ## ?# #??# #?????????# | | ?# #?#" [""#??# " #?????????# | | ?# #?# *%"#??# #?????????# | | ?# #?#""[ ]""#??## % #?????????# | | ?# #?#"%!] ] #??# = #?????????# | | ?# #?#"%! ""#??## &% #?????????# | | ?# #?#""![ "#???# #?????????# | | ?# #?# ""#??? # #?????????# | | ## #?#" #######???# # # #?????????# | +----------------------------------------------------+ Best States ------------- Heat Dissipation 61 Energy Generation 21 Energy Capacity 325 Matter Stores 300 Matter Capacity 300 Sight Range 16 Terrain Scan Density 10 Armor Coverage 225 Evasion (%) 40 Target Analysis 5 Recoil Reduction 6 Offensive Hacking 10 Authchip Count 1 Item Schematics ----------------- Hacking Suite | -9/Materials | Scanalyzed Hvy. Assault Rifle | -9/Materials | Scanalyzed Lgt. Treads | -9/Materials | Scanalyzed Seismic Detector | -9/Materials | Scanalyzed Hcp. Battery | -9/Materials | Scanalyzed Arm. Wheel | -9/Materials | Hacked Enh. Autogun | -8/Materials | Scanalyzed Hpw. Tractor Beam | -8/Materials | Scanalyzed Arm. Huge Wheel | -7/Factory | Scanalyzed Imp. Proton Missile Launcher | -7/Factory | Scanalyzed Imp. Medium Armor Plating | -7/Factory | Scanalyzed Imp. Heat Sink | -7/Factory | Scanalyzed Robot Schematics ------------------ M-13 Machinist | -10/Materials | Hacked P-60 Hacker | -7/Recycling | Hacked Fabricated ------------ Arm. Huge Wheel | x2 | -7/Factory | Authchip Repaired ---------- Seismic Detector | 99% | -9/Materials | Broken Lgt. Treads | 37% | -9/Materials Imp. Medium Armor Plating | 5% | -8/Materials Hpw. Tractor Beam | 99% | -8/Materials | Broken Alien Tech Used ----------------- None Achievements -------------- None Challenges ------------ None Game ------ Seed SchematicSingularityExpander Manual? 0 Play Time 02:25:55 Cumulative 976.1 hours Start 2025.06.27 @ 02:02:19 End 2025.06.27 @ 15:33:00 Sessions 3 Manual Loads 0 Difficulty Rogue Special Mode None Game No. 504 Rogue 504 Adventurer 0 Explorer 0 Win Type - Total 23 Types 10/4/3/0/1/1/2/2/0/0 Lore% 85 Gallery% 88 Achievement% 83 Wizard Run 0 Options --------- Layout 0 ASCII 0 Keyboard 0 Movement Numpad Keybinds 0 Fullscreen 2 Font 24/Smallcaps Map View 76x50 Zoom Use 0% Tactical HUD 1 Map Filters NONE Filters SHIFT_HUE(315) Steam 1 RUN: 46a9b73e-af27-40f2-9436-1493a53cb941